 Dungeon Crawl Stone Soup version 0.30-a0-578-gdee14c521f (webtiles) character file.

Game seed: 4571848971334857770

13597 wormed the Basher (level 11, -2/92 HPs)
             Began as an Armataur Fighter on Dec 31, 2022.
             Was the Champion of Okawaru.
             Slain by Snorg (8 damage)
             ... on level 11 of the Dungeon.
             The game lasted 00:26:15 (14144 turns).

wormed the Basher (Armataur Fighter)               Turns: 14144, Time: 00:26:16

Health: -2/92      AC: 32    Str: 27    XL:     11   Next: 77%
Magic:  12/12      EV:  1    Int:  8    God:    Okawaru [******]
Gold:   867        SH:  6    Dex:  9    Spells: 10/10 levels left

rFire   . . .      SeeInvis .    t - +0 demon whip (venom)
rCold   + . .      Faith    +    c - +0 buckler
rNeg    + + .      Spirit   .    J - +1 crystal plate armour
rPois   .          Reflect  .    s - +0 hat {Stlth+}
rElec   +          Harm     .    P - +1 cloak "Upoit" {rC+ rN+}
rCorr   +          Roll     +    (no gloves)
Will    .....                    a - +6 lightning scales {swift, rElec}
Stlth   x                          - amulet of faith
HPRegen 0.35/turn                y - ring of positive energy
MPRegen 0.13/turn                j - ring of resist corrosion

@: unable to read, unable to drink, quick
A: large, rugged brown scales 3, deformed body, armoured tail, roll, long
tongue, awkward tongue, frail 1, high MP 1, inability to drink after injury 1,
inability to read after injury 1
a: Renounce Religion, Heroism, Finesse, Duel


You were on level 11 of the Dungeon.
You worshipped Okawaru.
Okawaru was exalted by your worship.
You visited 2 branches of the dungeon, and saw 12 of its levels.
You also visited: Bailey.

You collected 867 gold pieces.

Inventory:

Hand Weapons
 t - a +0 demon whip of venom (weapon)
Missiles
 g - a throwing net
 I - 35 poisoned darts (quivered)
 M - a curare-tipped dart
 O - a javelin
Armour
 a - the +6 lightning scales (worn) {swift, rElec}
   (You acquired it on level 5 of the Dungeon)

   It allows the wearer to cover ground more swiftly.
   rElec:     It insulates you from electricity.
 c - a +0 buckler (worn)
 f - a +0 cloak of preservation
 s - a +0 hat of stealth (worn)
 z - a +0 helmet
 B - the +3 plate armour of the Sky {Dex+4 Stlth+}
   (You found it in a bailey)

   Dex:       It affects your dexterity (+4).
   Stlth:     It makes you more stealthy.
 J - a +1 crystal plate armour (worn)
 P - the +1 cloak "Upoit" (worn) {rC+ rN+}
   (You found it in a bailey)

   rC:        It protects you from cold.
   rN:        It protects you from negative energy.
Jewellery
 h - an amulet of reflection
 j - a ring of resist corrosion (right hand)
 k - a ring of ice
 x - an amulet of faith (around neck)
 y - a ring of positive energy (left hand)
 C - a ring of wizardry
 F - an amulet of magic regeneration
Wands
 u - a wand of mindburst (3)
 E - a wand of paralysis (5)
Scrolls
 d - 4 scrolls of magic mapping
 e - 6 scrolls of noise
 m - 5 scrolls of enchant weapon
 o - 3 scrolls of identify
 r - 3 scrolls of poison
 v - 3 scrolls of teleportation
 w - 2 scrolls of torment
 D - 3 scrolls of amnesia
Potions
 b - a potion of might
 i - 2 potions of magic
 l - 4 potions of flight
 n - 3 potions of degeneration
 p - 2 potions of heal wounds
 q - a potion of cancellation
 A - a potion of attraction


   Skills:
 + Level 8.4 Fighting
 * Level 11.3 Maces & Flails
 + Level 10.9 Armour
 + Level 10.0 Shields


You had 10 spell levels left.
You didn't know any spells.
Your spell library contained the following spells:

 Spells                   Type           Power      Damage    Failure   Level
 Foxfire                  Conj/Fire      0%         2x1d4     100%        1
 Shock                    Conj/Air       0%         1d3       100%        1
 Sting                    Tmut/Pois      0%         1d3       100%        1
 Poisonous Vapours        Pois/Air       0%         N/A       100%        2
 Scorch                   Fire           0%         2d5       100%        2
 Gell's Gravitas          Tloc           0%         N/A       100%        3
 Inner Flame              Hex/Fire       0%         N/A       100%        3
 Ozocubu's Armour         Ice            0%         N/A       100%        3
 Swiftness                Air            0%         N/A       100%        3
 Teleport Other           Tloc           0%         N/A       100%        3
 Vhi's Electric Charge    Tloc/Air       0%         N/A       100%        3
 Airstrike                Air            0%         2d(0-16)  100%        4
 Cause Fear               Hex            0%         N/A       100%        4
 Flame Wave               Conj/Fire      0%         2d4       100%        4
 Olgreb's Toxic Radiance  Pois           0%         N/A       100%        4
 Sticky Flame             Conj/Fire      0%         2d3       100%        4
 Arcjolt                  Conj/Air       0%         1d10      100%        5
 Blade Hands              Tmut           0%         N/A       100%        5
 Fireball                 Conj/Fire      0%         3d3       100%        5
 Irradiate                Conj/Tmut      0%         3d11      100%        5
 Dispersal                Tloc           0%         N/A       100%        6
 Starburst                Conj/Fire      0%         6d3       100%        6
 Dragon Form              Tmut           0%         N/A       100%        7
 Ozocubu's Refrigeration  Ice            0%         4d7       100%        7
 Discord                  Hex            0%         N/A       100%        8
 Maxwell's Capacitive Co  Air            0%         ∞         100%        8
 Summon Small Mammal      Summ           Unusable   N/A       N/A         1
 Call Canine Familiar     Summ           Unusable   N/A       N/A         3
 Summon Guardian Golem    Hex/Summ       Unusable   N/A       N/A         3
 Summon Cactus Giant      Summ           Unusable   N/A       N/A         6

Dungeon Overview and Level Annotations

Branches:
Dungeon (11/15)            Temple (1/1) D:6            Lair (0/5) D:11
    Orc (0/2) D:10         Bailey (visited)

Altars:
Cheibriados
Dithmenos
Elyvilon
Fedhas
Gozag
Hepliaklqana
Kikubaaqudgha
Nemelex Xobeh
Okawaru
Ru
Sif Muna
Trog
Vehumet
Wu Jian
Xom
Yredelemnul
The Shining One

Shops:
D:4 (   D:6 =   D:11 *

Annotations:
D:5 exclusion: statue, Pikel
D:10 3 runed translucent doors, exclusion: obsidian statue, Iich's ghost, journeyman MiFi
D:11 Snorg


Innate Abilities, Weirdness & Mutations

You are completely covered in rugged brown scales. (AC +3, +7% HP)
Armour fits poorly on your strangely shaped body.
You have a long armoured tail.
You roll when moving toward enemies. (Rampage)
Your long tongue fully drains potion bottles. (2x potion effects)
Your tongue gives you trouble enunciating. (1.5x scroll delay)
You are frail. (-10% HP)
You have an increased reservoir of magic. (+10% MP)
You occasionally lose the ability to drink potions when taking damage.
You occasionally lose the ability to read scrolls when taking damage.


Message History

Snorg is lightly wounded.
You whack Snorg!
Snorg looks as sick as possible!
Snorg is lightly wounded.
You block Snorg's attack. x2; Snorg claws you but does no damage.
You closely miss Snorg.
Snorg is lightly wounded.
Snorg bites you but does no damage. Snorg completely misses you.
Snorg claws you.
You hit Snorg.
Snorg looks as sick as possible!
You tail-slap Snorg.
Snorg is moderately wounded.
Snorg bites you! Snorg claws you but does no damage. x2
You barely miss Snorg.
Your tail-slap misses Snorg.
Snorg is moderately wounded.
Snorg bites you but does no damage. Snorg completely misses you.
Snorg claws you!
You hit Snorg.
Snorg is moderately wounded.
You block Snorg's attack. Snorg claws you. Snorg claws you but does no damage.
You thrash Snorg!!
Snorg looks as sick as possible!
You tail-slap Snorg.
Snorg is moderately wounded.
Snorg bites you. Snorg claws you!
You feel threatened and lose the ability to read scrolls!
You feel threatened and lose the ability to drink potions!
* * * LOW HITPOINT WARNING * * *
Snorg claws you but does no damage.
You closely miss Snorg. You tail-slap Snorg!
Snorg is heavily wounded.
You closely miss Snorg.
Your tail-slap misses Snorg.
Snorg is heavily wounded.
Snorg bites you but does no damage. Snorg claws you but does no damage. x2
You can drink potions again.
Snorg rages.
Snorg bites you.
* * * LOW HITPOINT WARNING * * *
Snorg claws you but does no damage. Snorg claws you!
You feel threatened and lose the ability to drink potions!
* * * LOW HITPOINT WARNING * * *
Snorg attacks as you move away! Snorg bites you but does no damage.
Snorg claws you!
You die...

.........###.........
#.....#.
......#..............
#.....#.
......#..####'#######
#####...
.....................
.....#.
.....###....).########
######.
.....##...............
#+ .....#....###.)######
.....#....# #))T.##
.##.##....###..#@.#####
.##.##.........)........
..P.
.##.###'########.##.###.
..P.P .##.........# #..#
# ......P .######.###.#
##.# ....P..
.######.###.# .# .P....>
.#..........#####.#
......P
...................
....P..
##..........#####.#
.......


You could see Snorg (berserk, extremely poisoned).

Vanquished Creatures
  2 two-headed ogres
  Sonja (D:11)
  Amaemon (D:10)
  Joseph (D:10)
  An orange demon (D:10)
  A gargoyle (D:11)
  A kobold demonologist (D:10)
  Psyche (D:10)
  A komodo dragon (D:11)
  2 trolls (D:11)
  A hornet (D:10)
  2 vampires
  3 shadows
  A wyvern (D:9)
  3 steam dragons
  22 yaks
  Menkaure (D:5)
  An acid dragon (D:11)
  3 water moccasins
  6 orc warriors (Bailey)
  An ice beast (D:7)
  A black bear (D:11)
  2 ogres
  4 centaurs
  4 kobold brigands
  4 bullfrogs
  A necrophage (D:5)
  A gnoll sergeant (D:10)
  2 scorpions
  3 wights (D:8)
  17 killer bees
  5 electric eels (D:11)
  A jelly (D:7)
  4 orc priests
  2 hounds (D:5)
  7 iguanas
  Jessica (D:2)
  Ijyb (D:3)
  7 orc wizards
  6 gnolls
  10 adders
  A shadow imp (D:6)
  2 white imps
  3 ufetubi
  3 worms (D:4)
  3 dart slugs
  55 orcs
  10 bats
  7 endoplasms
  8 giant cockroaches
  9 hobgoblins
  4 jackals (D:1)
  15 kobolds
  7 quokkas
  13 ball pythons
  5 frilled lizards
  11 goblins
  6 rats
301 creatures vanquished.

Vanquished Creatures (others)
  6 kobolds (D:8)
  27 fungi (D:11)
  25 plants
58 creatures vanquished.

Grand Total: 359 creatures vanquished

Notes
Turn   | Place    | Note
-------+----------+-------------------------------------------
     0 | D:1      | wormed the Armataur Fighter began the quest for the Orb.
     0 | D:1      | Reached XP level 1. HP: 19/19 MP: 1/1
    21 | D:1      | Reached skill level 2 in Maces & Flails
    40 | D:1      | Reached XP level 2. HP: 24/26 MP: 2/2
   261 | D:1      | Reached XP level 3. HP: 26/33 MP: 3/3
   372 | D:1      | Found a faded altar of an unknown god.
  1102 | D:2      | HP: 1/33 [iguana (3)]
  1104 | D:2      | Reached XP level 4. HP: 2/40 MP: 4/4
  1343 | D:2      | Noticed Jessica
  1580 | D:2      | Reached skill level 3 in Maces & Flails
  1590 | D:2      | Found a shadowy altar of Dithmenos.
  1833 | D:2      | Killed Jessica
  2028 | D:3      | Noticed Ijyb
  2049 | D:3      | Killed Ijyb
  2050 | D:3      | Reached XP level 5. HP: 43/48 MP: 5/5
  2296 | D:3      | Found a blossoming altar of Fedhas.
  2900 | D:4      | Found Yhausiv's Weapon Shop.
  2967 | D:4      | Reached XP level 6. HP: 53/54 MP: 6/6
  3090 | D:4      | Reached skill level 4 in Maces & Flails
  3315 | D:4      | Reached skill level 5 in Armour
  3495 | D:3      | Identified the +1 scale mail of the Learner {+Inv rElec
                  | Will+}
  3713 | D:5      | Entered Level 5 of the Dungeon
  3987 | D:5      | Noticed Menkaure
  4176 | D:5      | Reached XP level 7. HP: 46/63 MP: 7/7
  4186 | D:5      | Reached skill level 5 in Shields
  4187 | D:5      | Killed Menkaure
  4188 | D:5      | Reached skill level 5 in Maces & Flails
  4607 | D:5      | Found a radiant altar of Vehumet.
  4817 | D:5      | Noticed Pikel
  5126 | D:6      | Reached XP level 8. HP: 71/71 MP: 8/8
  5131 | D:6      | Found an ancient bone altar of Kikubaaqudgha.
  5131 | D:6      | Found an ornate altar of the Wu Jian Council.
  5166 | D:6      | Found a white marble altar of Elyvilon.
  5591 | D:5      | Found a glowing golden altar of the Shining One.
  5593 | D:5      | Identified a scroll of acquirement
  5593 | D:5      | Acquired the +6 lightning scales {swift, rElec}
  5593 | D:5      | Found the +6 lightning scales {swift, rElec}
  5766 | D:6      | Reached skill level 6 in Maces & Flails
  5780 | D:6      | Reached skill level 5 in Fighting
  5804 | D:6      | Found Deqank's Jewellery Shop.
  5818 | D:6      | Found a staircase to the Ecumenical Temple.
  5825 | Temple   | Entered the Ecumenical Temple
  5938 | Temple   | Became a worshipper of Warmaster Okawaru
  7231 | D:7      | Reached * piety under Okawaru
  7232 | D:7      | Reached skill level 7 in Maces & Flails
  7455 | D:8      | Reached XP level 9. HP: 40/78 MP: 9/9
  8267 | D:8      | Reached ** piety under Okawaru
  8711 | D:9      | Reached skill level 8 in Maces & Flails
  9111 | D:9      | Reached *** piety under Okawaru
  9330 | D:9      | Reached XP level 10. HP: 73/89 MP: 10/10
  9810 | D:9      | Received a gift from Okawaru
  9828 | D:9      | Reached skill level 9 in Maces & Flails
  9840 | D:9      | Reached **** piety under Okawaru
  9923 | D:9      | Found a snail-covered altar of Cheibriados.
  9963 | D:9      | Found a hazy altar of Hepliaklqana.
  9964 | D:9      | Found a shimmering blue altar of Sif Muna.
 10004 | D:9      | Noticed a two-headed ogre
 10021 | D:9      | Killed a two-headed ogre
 10423 | D:10     | Entered Level 10 of the Dungeon
 10516 | D:10     | Found a sparkling altar of Nemelex Xobeh.
 10614 | D:10     | Found a runed translucent gate.
 10849 | D:10     | Noticed Psyche
 10868 | D:10     | Killed Psyche
 10870 | D:10     | Paralysed by a hornet for 2 turns
 10876 | D:10     | Reached ***** piety under Okawaru
 11022 | D:10     | Found a flagged portal.
 11049 | Bailey   | Entered a bailey
 11282 | Bailey   | Identified the +3 plate armour of the Sky {Dex+4 Stlth+}
 11293 | Bailey   | Identified the +1 cloak "Upoit" {rC+ rN+}
 11416 | Bailey   | Gained mutation: You occasionally lose the ability to read
                  | scrolls when taking damage. [potion of mutation]
 11416 | Bailey   | Gained mutation: You are somewhat resistant to further
                  | mutation. [potion of mutation]
 11417 | Bailey   | Lost mutation: You occasionally lose the ability to read
                  | scrolls when taking damage. [potion of mutation]
 11417 | Bailey   | Lost mutation: You are somewhat resistant to further
                  | mutation. [potion of mutation]
 11417 | Bailey   | Gained mutation: You occasionally lose the ability to read
                  | scrolls when taking damage. [potion of mutation]
 11417 | Bailey   | Gained mutation: You are frail. (-10% HP) [potion of
                  | mutation]
 11417 | Bailey   | Gained mutation: You occasionally lose the ability to drink
                  | potions when taking damage. [potion of mutation]
 11417 | Bailey   | Gained mutation: You have an increased reservoir of magic.
                  | (+10% MP) [potion of mutation]
 11670 | D:10     | Reached skill level 10 in Maces & Flails
 11700 | D:10     | Reached XP level 11. HP: 32/89 MP: 12/12
 11928 | D:10     | Found a staircase to the Orcish Mines.
 11982 | D:10     | Reached skill level 10 in Armour
 12100 | D:10     | Noticed Joseph
 12111 | D:10     | Received a gift from Okawaru
 12164 | D:10     | Killed Joseph
 12330 | D:10     | Noticed Amaemon
 12409 | D:10     | Found a runed translucent gate.
 12409 | D:10     | Found an opulent altar of Gozag.
 12409 | D:10     | Found a runed translucent gate.
 12410 | D:10     | Noticed an obsidian statue
 12412 | D:10     | Noticed Iich's ghost (journeyman MiFi)
 12412 | D:10     | Noticed a deep elf zephyrmancer
 12428 | D:10     | Killed Amaemon
 12905 | D:11     | Found a staircase to the Lair.
 13069 | D:11     | Received a gift from Okawaru
 13289 | D:11     | Noticed Sonja
 13333 | D:11     | Killed Sonja
 13333 | D:11     | Reached ****** piety under Okawaru
 13334 | D:11     | Reached skill level 11 in Maces & Flails
 13574 | D:11     | Found Sepa's General Store.
 13724 | D:11     | Noticed a two-headed ogre
 13942 | D:11     | Killed a two-headed ogre
 13943 | D:11     | Reached skill level 10 in Shields
 14126 | D:11     | Noticed Snorg
 14144 | D:11     | Slain by Snorg

Illustrated notes

Levels and vault maps discovered:
D:1:      tarquinn_simple_flora_water_d, layout_basic,
          shapermc_ecumenical_altar_mp_urbaneastern, minivault_5,
          minmay_tetromino_o2
D:2:      layout_basic, basic_altar, uniq_jessica
D:3:      layout_loops_cross, fedhas_altar_fruit_tree, uniq_ijyb
D:4:      layout_cave_pools, serial_shops, nicolae_lakefront_shop,
          grunt_tough_drop
D:5:      layout_basic, lemuel_coloured_pillars_altar, vehumet_statue,
          uniq_menkaure, uniq_pikel
D:6:      layout_loops_ring, nicolae_overflow_two_pavilions, elyvilon_altar_5,
          minmay_temple_entry_hall, serial_shops,
          nicolae_shop_competitors_out_of_business, gup_sewer_entry_bubbles
D:7:      layout_loops_ring, supply_closet_lemuel
D:8:      layout_rooms
D:9:      lemuel_ice_spiral_2, layout_irregular_city,
          mainiacjoe_overflow_divided_tiny, mainiacjoe_overflow_alcove_1
D:10:     layout_basic, nemelex_xobeh_ov_fountains_minmay, orc_0_dummy,
          ebering_ghost_gozag, enter_bailey_4, uniq_psyche, uniq_joseph,
          uniq_amaemon
D:11:     layout_basic, due_lair_maze_entry_diamond, serial_shops,
          nicolae_shop_window_shopping, st_stairs_6, uniq_snorg, uniq_sonja
Temple:   nicolae_temple_slightly_damp_pantheon

Skill      XL: |  1  2  3  4  5  6  7  8  9 10 11 |
---------------+----------------------------------+-----
Maces & Flails | 2 3 4 5 7 8 10 11 | 11.3
Armour         | 4 5 6 7 8 9 10 | 10.9
Fighting       | 3 4 5 6 7 8 |  8.4
Shields        | 4 5 6 7 9 10 | 10.0

Action                   |  1- 3 |  4- 6 |  7- 9 | 10-12 || total
-------------------------+-------+-------+-------+-------++-------
Melee: Flail             |   108 |    59 |       |       ||   167
       Tailslap          |     4 |    23 |    47 |    74 ||   148
       Whip              |       |   189 |   454 |   356 ||   999
       Demon whip        |       |       |       |   191 ||   191
Throw: Throwing net      |       |       |     1 |       ||     1
       Dart              |       |       |       |    41 ||    41
Evoke: Wand              |       |     1 |     2 |    12 ||    15
  Use: Potion            |     1 |     3 |     7 |    13 ||    24
       Scroll            |       |     4 |     8 |     3 ||    15
 Stab: Invisible         |       |       |     1 |       ||     1
Armor: Scale mail        |    73 |   101 |   307 |   124 ||   605
       Crystal plate arm |       |       |       |   318 ||   318
Dodge: Dodged            |    44 |    67 |    84 |    56 ||   251
Block: Buckler           |    24 |    34 |    81 |   124 ||   263

Table legend: (Time is in decaauts)
 A = Elapsed time spent in this place.
 B = Non-inter-level travel time spent in this place.
 C = Inter-level travel time spent in this place.
 D = Time resting spent in this place.
 E = Time spent auto-exploring this place.
 F = Levels seen in this place.
 G = Mean time per level.
                   A        B        C        D        E       F      G
               +--------+--------+--------+--------+--------+-----+--------+
         Total |  13526 |  12865 |    661 |     80 |  10093 |  13 | 1040.5 |
       Dungeon |  12982 |  12337 |    645 |      2 |   9857 |  11 | 1180.2 |
        Temple |    119 |    103 |     16 |      0 |     83 |   1 |  119.0 |
        Bailey |    423 |    423 |      0 |     78 |    153 |   1 |  423.0 |
               +--------+--------+--------+--------+--------+-----+--------+

Top non-repeatable levels by time:
     D:5: 1859 daAuts
    D:10: 1836 daAuts
     D:9: 1643 daAuts
    D:11: 1171 daAuts
     D:4: 1067 daAuts
     D:1: 1035 daAuts
     D:6: 984 daAuts
     D:2: 922 daAuts
     D:7: 865 daAuts
     D:3: 799 daAuts
     D:8: 798 daAuts
  Bailey: 423 daAuts
  Temple: 119 daAuts
